 Dungeon Crawl Stone Soup version 0.28.0-53-g5a82cb258f (webtiles) character file.

Game seed: 12010467288430523330

158 fuccboisucc420 the Cudgeller (level 5, -2/41 HPs)
             Began as a Demonspawn Abyssal Knight on July 19, 2022.
             Was a Believer of Lugonu.
             Slain by an iguana (6 damage)
             ... on level 3 of the Dungeon.
             The game lasted 00:10:48 (3283 turns).

fuccboisucc420 the Cudgeller (DsAK)                 Turns: 3283, Time: 00:10:48

Health: -2/41      AC:  7    Str: 16    XL:     5   Next: 16%
Magic:  6/6        EV: 11    Int: 11    God:    Lugonu [**....]
Gold:   157        SH:  0    Dex: 13    Spells: 4/4 levels left

rFire   . . .      SeeInvis .   a - +1 mace
rCold   . . .      Faith    .   (no shield)
rNeg    + . .      Spirit   .   j - +0 ring mail
rPois   .          Reflect  .   (helmet restricted)
rElec   .          Harm     .   (no cloak)
rCorr   .          Rampage  .   (no gloves)
Will    .....                   (no boots)
Stlth   +.........              (no amulet)
HPRegen 0.13/turn               d - ring of positive energy
MPRegen 0.10/turn               (no ring)

@: no status effects
A: antennae 1, thin metallic scales 1, powered by pain 1
a: Renounce Religion, Depart the Abyss, Bend Space


You were on level 3 of the Dungeon.
You worshipped Lugonu.
Lugonu was pleased with you.
You visited 1 branch of the dungeon, and saw 4 of its levels.
You visited the Abyss 1 time.

You collected 157 gold pieces.

Inventory:

Hand Weapons
 a - a +1 mace (weapon)
Missiles
 e - 112 stones (quivered)
Armour
 b - a +0 leather armour
 g - a +0 helmet
 j - a +0 ring mail (worn)
Jewellery
 d - a ring of positive energy (left hand)
 h - a ring of poison resistance
Scrolls
 c - 2 scrolls of fear
 i - a scroll of amnesia {unknown}
 l - a scroll of silence {unknown}
 n - a scroll of identify
Potions
 f - a potion of berserk rage {unknown}
 k - a potion of heal wounds {unknown}
 m - a potion of curing
 o - a potion of mutation {unknown}
 p - a potion of invisibility {unknown}


   Skills:
 - Level 3.0 Fighting
 + Level 3.9 Maces & Flails
 + Level 0.6 Throwing
 + Level 2.5 Armour
 + Level 1.8 Dodging
 + Level 0.7 Stealth
 - Level 2.4 Invocations


You had 4 spell levels left.
You didn't know any spells.
Your spell library contained the following spells:

 Spells                   Type           Power      Damage    Failure   Level
 Beastly Appendage        Tmut           0%         N/A       54%         1
 Wereblood                Tmut           0%         N/A       69%         2
 Spider Form              Tmut/Pois      0%         N/A       89%         3


Dungeon Overview and Level Annotations

Branches:
Dungeon (4/15)
 Temple: D:4-7

Altars:
Cheibriados
Qazlal
Uskayaw


Innate Abilities, Weirdness & Mutations

You have a pair of small antennae on your head.
You are partially covered in thin metallic scales. (AC +2)
You sometimes gain a little power by taking damage.


Message History

A gnoll comes into view. It is wielding a +0 whip.
The gnoll barely misses you.
You closely miss the gnoll.
The gnoll hits you from afar with a +0 spear!
The gnoll hits you with a +0 club.
You closely miss the gnoll. The gnoll completely misses you.
The gnoll hits you with a +0 club.
The gnoll hits you from afar with a +0 spear.
The gnoll barely misses you.
You sock the gnoll!
The gnoll is severely wounded.
The gnoll closely misses you. The gnoll barely misses you.
You hit the gnoll.
The gnoll is severely wounded.
The gnoll hits you with a +0 club. The gnoll closely misses you.
The gnoll hits you but does no damage.
You closely miss the gnoll.
The gnoll is severely wounded.
The gnoll hits you with a +0 club.
* * * LOW HITPOINT WARNING * * *
The gnoll barely misses you.
The gnoll hits you from afar with a +0 spear.
* * * LOW HITPOINT WARNING * * *
The gnoll closely misses you. The gnoll hits you but does no damage.
As you read the scroll labelled JEMIBA NOAQU, it crumbles to dust.
You assume a fearsome visage.
The gnoll looks frightened! x4
It was a scroll of fear.
An iguana comes into view.
The iguana bites you.
* * * LOW HITPOINT WARNING * * *
The iguana bites you.
* * * LOW HITPOINT WARNING * * *
There is a stone staircase leading up here.
The iguana barely misses you.
You climb upwards.
There is a stone staircase leading down here.
You barely miss the iguana. The iguana barely misses you.
You hit the iguana but do no damage. The iguana barely misses you.
You closely miss the iguana. The iguana bites you.
You die...

#..........# #..#.#..#
#.....###### #.......#
#.....# ####### #.......#
####.## #.....# #...#...#
####.#### #.....#
##.......# #.......#
#.....# #.......##
#.##.##.# #.....#
#..###.## #.##.##.#
#.....###......#
#.#..##.#####...@l....####
#.#.###.......#####.#.#
#.#.###.#####.......#.#
#.......# #.#######.#
###.....# #.# #.# #####.#
#.# #.# # #.#####.#
###.### # #.......#
#.....# ###
#############.#.#.# ##


You could see an iguana.

Vanquished Creatures
  2 hound skeletons (D:4)
  Robin (D:2)
  4 adders
  A shadow imp (D:4)
  A worm (D:3)
  2 dart slugs
  4 ball pythons
  6 bats
  5 endoplasms
  A giant cockroach (D:1)
  16 goblins
  7 hobgoblins
  3 kobolds
  4 quokkas
  3 frilled lizards
  4 rats
64 creatures vanquished.

Notes
Turn   | Place    | Note
-------+----------+-------------------------------------------
     0 | Abyss:1  | fuccboisucc420 the Demonspawn Abyssal Knight began the
                  | quest for the Orb.
     0 | Abyss:1  | Reached XP level 1. HP: 18/18 MP: 2/2
     0 | D:1      | Escaped the Abyss
   124 | D:1      | Reached skill level 1 in Dodging
   161 | D:1      | Reached * piety under Lugonu
   162 | D:1      | Gained mutation: You are partially covered in thin metallic
                  | scales. (AC +2) [demonic ancestry]
   162 | D:1      | Reached XP level 2. HP: 6/24 MP: 3/3
   838 | D:1      | Reached XP level 3. HP: 27/29 MP: 4/4
  1283 | D:2      | Noticed Robin
  1872 | D:2      | Killed Robin
  1872 | D:2      | Reached ** piety under Lugonu
  1873 | D:2      | Gained mutation: You sometimes gain a little power by
                  | taking damage. [demonic ancestry]
  1873 | D:2      | Reached XP level 4. HP: 18/35 MP: 5/5
  2603 | D:3      | Found a hide-covered altar of Uskayaw.
  2603 | D:3      | Found a snail-covered altar of Cheibriados.
  2611 | D:3      | Found a faded altar of an unknown god.
  2614 | D:3      | Found a stormy altar of Qazlal.
  2615 | D:3      | Found a faded altar of an unknown god.
  3123 | D:4      | Gained mutation: You have a pair of small antennae on your
                  | head. [demonic ancestry]
  3123 | D:4      | Reached XP level 5. HP: 34/41 MP: 6/6
  3283 | D:3      | Slain by an iguana

Illustrated notes

Levels and vault maps discovered:
D:1:      amcnicky_arrival_flooded_fountain, layout_loops_ring
D:2:      layout_basic, uniq_robin
D:3:      layout_loops_cross, chequers_temple_overflow_minitemple
D:4:      layout_cave_pools, serial_column_ruins, column_ruins_grid_1,
          column_ruins_open_small, column_ruins_open_tiny,
          column_ruins_open_medium_water, column_ruins_grid_3,
          column_ruins_grid_3, kennysheep_doodads

Skill      XL: |  1  2  3 |
---------------+----------+-----
Maces & Flails | 2 3 |  3.9
Dodging        | 1 |  1.8
Armour         | 2 |  2.5
Fighting       | |  3.0
Throwing       | |  0.6
Stealth        | |  0.7
Invocations    | |  2.4

Action                   |  1- 3 |  4- 6 || total
-------------------------+-------+-------++-------
Melee: Mace              |   129 |    77 ||   206
       Punch             |     3 |     2 ||     5
Throw: Stone             |    24 |    15 ||    39
Invok: Depart the Abyss  |     1 |       ||     1
  Use: Scroll            |     4 |     1 ||     5
Armor: Leather armour    |    69 |     7 ||    76
       Ring mail         |       |    39 ||    39
Dodge: Dodged            |    92 |    55 ||   147
